 Dungeon Crawl Stone Soup version 0.23.2-1-ga50397a6bc (webtiles) character file.

Game seed: 13250735080191592563

161 Marnok the Digger (level 4, 0/34 HPs)
             Began as a Demigod Earth Elementalist on Apr 20, 2019.
             Succumbed to an adder's poison
             ... on level 4 of the Dungeon.
             The game lasted 00:09:39 (1847 turns).

Marnok the Digger (Demigod Earth Elementalist)      Turns: 1847, Time: 00:09:39

Health: 0/34       AC:  4    Str: 13    XL:     4   Next: 98%
Magic:  8/10       EV: 13    Int: 19    God:
Gold:   100        SH:  0    Dex: 16    Spells: 5/8 levels left

rFire    . . .     SeeInvis .   l - +0 spear
rCold    + . .     Gourm    .   (no shield)
rNeg     . . .     Faith    .   c - +1 robe
rPois    .         Spirit   .   (no helmet)
rElec    .         Reflect  .   k - +0 cloak
rCorr    .         Harm     .   (no gloves)
MR       .....                  (no boots)
Stlth    ++........             (no amulet)
HPRegen  0.11/turn              h - ring of protection from cold
MPRegen  0.12/turn              (no ring)

@: lethally poisoned (0 -> -2)
A: high mp 1
a: no special abilities


You were on level 4 of the Dungeon.
You were not hungry.

You visited 1 branch of the dungeon, and saw 4 of its levels.

You collected 100 gold pieces.

Inventory:

Hand Weapons
 l - a +0 spear (weapon)
Missiles
 b - 81 stones (quivered)
Armour
 c - a +1 robe (worn)
 k - a +0 cloak (worn)
Jewellery
 h - a ring of protection from cold (left hand)
Scrolls
 a - a scroll of immolation
 m - 3 scrolls of remove curse
Potions
 f - a potion of invisibility
 o - a potion of degeneration
 p - a potion of haste
Comestibles
 d - 8 rations
 n - 4 chunks of flesh


   Skills:
 + Level 0.6 Fighting
 + Level 1.1 Polearms
 + Level 2.4 Dodging
 + Level 2.2 Stealth
 + Level 0.6 Unarmed Combat
 + Level 2.5 Spellcasting
 + Level 0.8 Transmutations
 + Level 3.8 Earth Magic


You had 5 spell levels left.
You knew the following spells:

 Your Spells              Type           Power        Failure   Level  Hunger
a - Sandblast             Erth           ###...       3%          1    #......
b - Passwall              Tmut/Erth      ##......     9%          2    ##.....

Your spell library contained the following spells:

 Spells                   Type           Power        Failure   Level  Hunger
 Stone Arrow              Conj/Erth      #.....       22%         3    ###....
 Petrify                  Tmut/Erth      ##......     52%         4    #####..
 Lee's Rapid Deconstruct  Erth           ###.......   67%         5    ######.


Dungeon Overview and Level Annotations

Branches:
Dungeon (4/15)
 Temple: D:4-7


Innate Abilities, Weirdness & Mutations

You have an increased reservoir of magic. (+10% MP)


Message History

You feel sick.
Okay, then.
Okay, then.
Casting: Sandblast (safe; 3% risk of failure)
Confirm with . or Enter, or press ? or * to list all spells.
Aiming: Sandblast (safe; 3% risk of failure)
Press: ? - help, Shift-Dir - straight line, f - adder
Aim: an adder The blast of sand misses the adder.
b - 82 stones You feel a little less mighty now.
The adder closely misses you. The adder barely misses you.
Casting: Sandblast (safe; 3% risk of failure)
Confirm with . or Enter, or press ? or * to list all spells.
Aiming: Sandblast (safe; 3% risk of failure)
Press: ? - help, Shift-Dir - straight line, f/p - adder
Aim: an adder The blast of sand misses the adder.
b - 81 stones You die...

##.. ..?....## ....
#..J.....
#...####......# #..
.>##......#
#..#.##%#
.###..#>##.#
..........!###
######S####..
##.@.###.# #
#.....##.####.####.
#.[...##.#.<.......
#.....##.#.##.#####
##.........# #
#######.....)#
########


You could see an adder.

Vanquished Creatures
  An orc wizard (D:3)
  A worker ant (D:4)
  4 adders
  A worm (D:2)
  A dart slug (D:1)
  5 leopard geckos
  3 orcs (D:3)
  12 bats
  5 giant cockroaches
  4 goblins
  8 hobgoblins
  3 jackals (D:3)
  4 kobolds
  2 quokkas
  4 frilled lizards
  4 rats
62 creatures vanquished.

Notes
Turn   | Place    | Note
-------+----------+-------------------------------------------
     0 | D:1      | Marnok the Demigod Earth Elementalist began the quest for
                  | the Orb.
     0 | D:1      | Reached XP level 1. HP: 14/14 MP: 5/5
     3 | D:1      | Noticed an electric eel
     3 | D:1      | Noticed an electric eel
   102 | D:1      | Reached XP level 2. HP: 20/20 MP: 1/7
   164 | D:1      | Reached skill level 3 in Earth Magic
   737 | D:2      | Reached XP level 3. HP: 26/26 MP: 6/8
  1104 | D:3      | Found a faded altar of an unknown god.
  1164 | D:3      | Reached XP level 4. HP: 27/33 MP: 7/10
  1344 | D:3      | Learned a level 2 spell: Passwall
  1572 | D:3      | Reached skill level 1 in Polearms
  1844 | D:4      | HP: 1/34 [poisoned by an adder]
  1847 | D:4      | Succumbed to an adder's poison

Skill      XL: |  1  2  3  4 |
---------------+-------------+-----
Dodging        | 2 |  2.4
Earth Magic    | 3 |  3.8
Stealth        | 2 |  2.2
Spellcasting   | 2 |  2.5
Polearms       | 1 |  1.1
Fighting       | |  0.6
Unarmed Combat | |  0.6
Transmutations | |  0.8

Action                   |  1- 3 |  4- 6 || total
-------------------------+-------+-------++-------
Melee: Unarmed           |    31 |       ||    31
       Spear             |    11 |    66 ||    77
       Punch             |       |     1 ||     1
 Cast: Sandblast         |    54 |    16 ||    70
  Use: Scroll            |     4 |     5 ||     9
       Potion            |       |     3 ||     3
 Stab: Sleeping          |     2 |     1 ||     3
  Eat: Chunk             |     1 |     3 ||     4
Armor: Robe              |    23 |    10 ||    33
Dodge: Dodged            |    52 |    52 ||   104
